 Dungeon Crawl Stone Soup version 0.19.1 (webtiles) character file.

10607 nicanaca0 the Cleaver (level 11, -4/153 HPs)
             Began as a Minotaur Berserker on Dec 19, 2016.
             Was a High Priest of Trog.
             Slain by an 18-headed hydra (8 damage)
             ... on level 10 of the Dungeon on Dec 20, 2016.
             The game lasted 00:35:47 (11564 turns).

nicanaca0 the Cleaver (Minotaur Berserker)         Turns: 11564, Time: 00:35:48

Health: -4/153     AC: 19    Str: 28    XL:     11   Next: 38%
Magic:  10/10      EV: 12    Int:  6    God:    Trog [*****.]
Gold:   439        SH:  3    Dex: 10    Spells: 0 memorised, 10 levels left

rFire  . . .     SeeInvis .     a - +0 war axe
rCold  . . .     Gourm    .     N - +0 plate armour
rNeg   . . .     Faith    .     (no shield)
rPois  +         Spirit   .     (helmet restricted)
rElec  .         Reflect  +     L - +0 cloak
rCorr  .         Harm     .     y - +0 pair of gloves
MR     ++...                    E - +0 pair of boots
Stlth  ..........               t - +3 amulet of reflection
                                o - +4 ring of evasion
                                B - ring of poison resistance

@: berserking, regenerating, very quick
A: retaliatory headbutt, horns 2
a: Berserk, Trog's Hand, Brothers in Arms, Burn Spellbooks, Renounce Religion


You were on level 10 of the Dungeon.
You worshipped Trog.
Trog was extremely pleased with you.
You were very hungry.

You visited 1 branch of the dungeon, and saw 10 of its levels.

You collected 529 gold pieces.
You spent 90 gold pieces at shops.

Inventory:

Hand Weapons
 a - a +0 war axe (weapon)
 b - the +6 morningstar of Destiny {flame, Str+2}
   (You found it on level 6 of the Dungeon)

   It has been specially enchanted to burn those struck by it, causing extra
   injury to most foes and up to half again as much damage against particularly
   susceptible opponents.
   It affects your strength (+2).
 l - a +2 antimagic triple sword
 n - a +0 battleaxe
Missiles
 M - 4 javelins of penetration (quivered)
Armour
 y - a +0 pair of gloves (worn)
 E - a +0 pair of boots (worn)
 L - a +0 cloak (worn)
 N - a +0 plate armour (worn)
 O - +0 steam dragon scales
 P - a +2 scale mail of poison resistance
Jewellery
 m - an uncursed ring of teleportation
 o - a +4 ring of evasion (right hand)
 t - a +3 amulet of reflection (around neck)
 B - a ring of poison resistance (left hand)
Wands
 d - a wand of flame (23/48)
 q - a wand of slowing (25/48)
 F - a wand of digging (13/24)
 G - a wand of hasting (2/9)
Scrolls
 g - a scroll of acquirement {unknown}
 k - 4 scrolls of identify
 p - 3 scrolls of random uselessness {unknown}
 s - a scroll of enchant weapon {unknown}
 u - a scroll of immolation {unknown}
 x - 3 scrolls of enchant armour {unknown}
 A - 4 scrolls of teleportation
 D - 4 scrolls of remove curse
 H - a scroll of amnesia {unknown}
 I - 2 scrolls of magic mapping {unknown}
 J - a scroll of noise {unknown}
Potions
 e - 5 potions of curing
 h - a potion of might {unknown}
 j - 2 potions of flight {unknown}
 r - a potion of berserk rage
 w - 3 potions of cure mutation {unknown}
 C - a potion of agility
Comestibles
 c - 9 bread rations
 f - 5 meat rations
 i - 6 chunks of flesh
 v - 8 slices of pizza
 z - 7 fruits


   Skills:
 + Level 11.5 Fighting
 + Level 14.8 Axes
 + Level 10.8 Armour
 - Level 2.1 Dodging


You had 10 spell levels left.
You didn't know any spells.

Dungeon Overview and Level Annotations

Branches:
Dungeon (10/15)            Temple (0/1) D:7
   Lair: D:8-11         Orc: D:9-12

Altars:
Ashenzari
Dithmenos
Elyvilon
Fedhas
Gozag
Hepliaklqana
Qazlal
Ru
Yredelemnul

Shops:
D:9 ?}


Innate Abilities, Weirdness & Mutations

You reflexively headbutt those who attack you in melee.
You have a pair of horns on your head.


Message History

* * * LOW HITPOINT WARNING * * *
The 16-headed hydra completely misses you.
The 16-headed hydra bites you but does no damage. x5
The 16-headed hydra closely misses you. The 16-headed hydra barely misses you.
The 16-headed hydra closely misses you. The 16-headed hydra bites you!
* * * LOW HITPOINT WARNING * * *
The 16-headed hydra bites you.
* * * LOW HITPOINT WARNING * * *
The 16-headed hydra bites you but does no damage.
The 16-headed hydra misses you.
The 16-headed hydra bites you but does no damage.
You block the 16-headed hydra's attack.
You hack one of the 16-headed hydra's heads off!
The 15-headed hydra grows two more!
You slash the 17-headed hydra!
The 17-headed hydra is almost dead.
You hack one of the 17-headed hydra's heads off!
The 16-headed hydra grows two more!
You slash the 18-headed hydra!
The 18-headed hydra is almost dead.
The 18-headed hydra bites you!
You die...

.........# .........#
.........######## #### ##
..........#.#...# #..####!..
................# #.........
................####.........
...........................o.
?.........>...........####...
.........%...@.####...#
.............D.# #...#
...............# #...#
..#####........# #...# .
#........# #...#
#........####)..####.
#...........)[D......
............))........
...........####.######


You could see a 18-headed hydra.

Vanquished Creatures
  A hydra (D:9)
  Erolcha (D:9)
  Erica (D:9)
  An unseen horror (D:8)
  A hill giant (D:8)
  Pikel (D:6)
  2 hippogriffs
  A spriggan (D:9)
  3 yaks (D:9)
  A hog (shapeshifter) (D:10)
  2 hungry ghosts
  Grum (D:9)
  Menkaure (D:4)
  A steam dragon (D:9)
  A black bear (D:9)
  Duvessa (D:6)
  2 slaves (D:6)
  2 ice beasts
  3 ogres
  2 phantoms
  5 sky beasts
  A necrophage (D:9)
  2 orc warriors
  6 wolves (D:9)
  2 centaurs
  2 big kobolds
  6 bullfrogs
  Dowan (D:6)
  A scorpion (D:10)
  3 killer bees (D:9)
  5 wights
  2 howler monkeys
  8 crimson imps
  A centaur zombie (D:5)
  4 centaur skeletons
  4 gnoll shamans
  7 hounds
  6 orc wizards
  2 bullfrog skeletons (D:8)
  A jelly (D:6)
  3 orc priests
  5 iguanas
  Natasha (thrice) (D:3)
  5 worker ants
  Robin (D:3)
  A worker ant zombie (D:9)
  15 gnolls
  A howler monkey skeleton (D:6)
  10 adders
  4 shadow imps
  3 worms
  An adder skeleton (D:7)
  3 dart slugs
  3 leopard geckos
  26 orcs
  6 ball pythons (D:3)
  3 giant cockroaches
  18 goblins
  13 hobgoblins
  7 jackals
  4 quokkas
  6 bats
  5 frilled lizards
  2 gnoll zombies (D:6)
  A jackal skeleton (D:4)
  20 kobolds
  A quokka skeleton (D:4)
  A quokka zombie (D:3)
  8 rats
277 creatures vanquished.

Vanquished Creatures (others)
  A worker ant (D:6)
  A gnoll (D:9)
  An orc (D:9)
  A quokka (D:6)
4 creatures vanquished.

Grand Total: 281 creatures vanquished

Notes
Turn   | Place    | Note
-------+----------+-------------------------------------------
     0 | D:1      | nicanaca0 the Minotaur Berserker began the quest for the Orb.
     0 | D:1      | Reached XP level 1. HP: 19/19 MP: 0/0
    74 | D:1      | Reached skill level 4 in Axes
    84 | D:1      | Reached XP level 2. HP: 22/26 MP: 1/1
   582 | D:1      | Reached ** piety under Trog
   712 | D:1      | Reached skill level 5 in Axes
   952 | D:2      | Reached XP level 3. HP: 31/31 MP: 2/2
  1107 | D:2      | Found a stormy altar of Qazlal.
  1107 | D:2      | Found an opulent altar of Gozag.
  1183 | D:2      | Reached XP level 4. HP: 36/39 MP: 3/3
  1384 | D:2      | Reached skill level 6 in Axes
  2062 | D:3      | Noticed Natasha
  2066 | D:3      | Noticed Robin
  2071 | D:3      | Killed Natasha
  2071 | D:3      | Reached skill level 7 in Axes
  2071 | D:3      | Reached XP level 5. HP: 45/45 MP: 4/4
  2076 | D:3      | Killed Robin
  2076 | D:3      | Reached *** piety under Trog
  2083 | D:3      | Noticed Natasha
  2104 | D:3      | Killed Natasha
  2137 | D:3      | Reached skill level 8 in Axes
  2275 | D:3      | Noticed Natasha
  2281 | D:3      | Killed Natasha
  2281 | D:3      | Reached XP level 6. HP: 48/51 MP: 5/5
  2772 | D:4      | Found a shattered altar of Ashenzari.
  2824 | D:4      | Noticed Menkaure
  2840 | D:4      | Killed Menkaure
  2840 | D:4      | Reached skill level 9 in Axes
  3552 | D:4      | Reached XP level 7. HP: 57/59 MP: 6/6
  3652 | D:5      | Entered Level 5 of the Dungeon
  3768 | D:5      | Found a sacrificial altar of Ru.
  3969 | D:5      | Reached **** piety under Trog
  4520 | D:5      | Found a shadowy altar of Dithmenos.
  4524 | D:5      | Reached skill level 5 in Fighting
  4524 | D:5      | Reached skill level 10 in Axes
  5338 | D:6      | Reached XP level 8. HP: 70/70 MP: 7/7
  5454 | D:6      | Noticed Dowan
  5459 | D:6      | Noticed Duvessa
  5463 | D:6      | Noticed Pikel
  5469 | D:6      | Killed Duvessa
  5479 | D:6      | Killed Pikel
  5479 | D:6      | Reached skill level 11 in Axes
  5479 | D:6      | Reached skill level 5 in Armour
  5483 | D:6      | Killed Dowan
  5646 | D:6      | Got a pitted morningstar
  5647 | D:6      | Identified the +6 morningstar of Destiny {flame, Str+2} (You found it on level 6 of the Dungeon)
  5709 | D:6      | Found a white marble altar of Elyvilon.
  6015 | D:6      | Found a sacrificial altar of Ru.
  6524 | D:6      | Found a basalt altar of Yredelemnul.
  6844 | D:7      | Reached XP level 9. HP: 72/79 MP: 8/8
  7059 | D:7      | Reached skill level 12 in Axes
  7160 | D:7      | Found a staircase to the Ecumenical Temple.
  7359 | D:7      | Found a blossoming altar of Fedhas.
  7823 | D:8      | Noticed a hill giant
  7836 | D:8      | Killed a hill giant
  7852 | D:8      | Killed an unseen horror
  7852 | D:8      | Reached skill level 13 in Axes
  8315 | D:8      | Reached XP level 10. HP: 86/91 MP: 9/9
  8343 | D:8      | Found a hazy altar of Hepliaklqana.
  9104 | D:8      | Reached ***** piety under Trog
  9782 | D:9      | Found Afuahin's Magic Scroll Boutique.
  9850 | D:9      | Noticed Erolcha
  9861 | D:9      | Killed Erolcha
  9861 | D:9      | Reached skill level 10 in Fighting
 10046 | D:9      | Bought a scroll of teleportation for 45 gold pieces
 10046 | D:9      | Bought a scroll of remove curse for 45 gold pieces
 10068 | D:9      | Found Japtoyv's Gadget Boutique.
 10098 | D:9      | Noticed Erica
 10117 | D:9      | Killed Erica
 10117 | D:9      | Reached skill level 14 in Axes
 10122 | D:9      | Received a gift from Trog
 10361 | D:9      | Noticed Grum
 10382 | D:9      | Reached skill level 10 in Armour
 10386 | D:9      | Killed Grum
 10388 | D:9      | Reached XP level 11. HP: 90/101 MP: 10/10
 10769 | D:9      | Noticed an eight-headed hydra
 10776 | D:9      | Killed an eight-headed hydra
 11209 | D:9      | Received a gift from Trog
 11448 | D:10     | Entered Level 10 of the Dungeon
 11536 | D:10     | Noticed an eight-headed hydra
 11562 | D:10     | HP: 3/153 [16-headed hydra (5)]
 11564 | D:10     | Slain by an 18-headed hydra

Skill      XL: |  1  2  3  4  5  6  7  8  9 10 11 |
---------------+----------------------------------+-----
Axes           | 4 5 7 8 9 10 11 13 14 | 14.8
Fighting       | 4 5 7 9 10 11 | 11.5
Armour         | 3 5 7 10 | 10.8
Dodging        | |  2.1

Action                   |  1- 3 |  4- 6 |  7- 9 | 10-12 || total
-------------------------+-------+-------+-------+-------++-------
Melee: Hand axe          |    87 |    74 |       |       ||   161
       Headbutt          |    10 |    20 |    29 |    52 ||   111
       War axe           |       |    60 |   101 |    47 ||   208
       Morningstar       |       |       |    97 |   192 ||   289
       Battleaxe         |       |       |       |     6 ||     6
Invok: Berserk           |       |     2 |     1 |     6 ||     9
       Trog's Hand       |       |     2 |     1 |     3 ||     6
  Use: Potion            |       |     3 |     1 |       ||     4
       Scroll            |       |       |       |     5 ||     5
  Eat: Chunk             |     1 |     8 |    14 |    16 ||    39
       Royal jelly       |       |     1 |       |       ||     1
       Pizza             |       |       |     1 |       ||     1
       Beef jerky        |       |       |       |     3 ||     3
       Fruit             |       |       |       |     1 ||     1
Armor: Animal skin       |     2 |       |       |       ||     2
       Ring mail         |    30 |    61 |    37 |       ||   128
       Chain mail        |       |       |    49 |   177 ||   226
       Skin              |       |       |    12 |       ||    12
       Plate armour      |       |       |       |    54 ||    54
Dodge: Dodged            |    54 |   115 |    86 |   167 ||   422
Block: Other             |       |       |       |    14 ||    14
